 Dungeon Crawl Stone Soup version 0.28.0-53-g5a82cb258f (webtiles) character file.

Game seed: 12941029837943220545

380 Zeld the Magician (level 6, -8/32 HPs)
             Began as a Deep Elf Fire Elementalist on May 25, 2022.
             Engulfed by a cloud of steam (13 damage)
             ... in a sewer.
             The game lasted 00:05:18 (3072 turns).

Zeld the Magician (Deep Elf Fire Elementalist)      Turns: 3072, Time: 00:05:19

Health: -8/32      AC:  3    Str:  5    XL:     6   Next: 46%
Magic:  5/17       EV: 12    Int: 22    God:
Gold:   136        SH:  0    Dex: 15    Spells: 7/17 levels left

rFire   . . .      SeeInvis .   (no weapon)
rCold   . . .      Faith    .   (no shield)
rNeg    . . .      Spirit   .   a - +0 robe
rPois   .          Reflect  .   f - +0 helmet
rElec   .          Harm     .   (no cloak)
rCorr   .          Rampage  .   (no gloves)
Will    .....                   (no boots)
Stlth   +.........              (no amulet)
HPRegen 0.10/turn               e - ring of wizardry
MPRegen 0.15/turn               (no ring)

@: lethally poisoned (-8 -> -10), very slow
A: no striking features
a: no special abilities


You were in a sewer.
You visited 1 branch of the dungeon, and saw 3 of its levels.
You also visited: Sewer.

You collected 136 gold pieces.

Inventory:

Armour
 a - a +0 robe (worn)
 f - a +0 helmet (worn)
Jewellery
 e - a ring of wizardry (left hand)
Scrolls
 c - 4 scrolls of teleportation {unknown}
 d - 2 scrolls of fog {unknown}
 h - 5 scrolls of identify {unknown}
 j - a scroll of fear {unknown}
 k - a scroll of amnesia {unknown}
Potions
 b - 2 potions of lignification {unknown}
 g - 3 potions of brilliance {unknown}
 i - a potion of cancellation {unknown}
 l - a potion of heal wounds {unknown}
 m - a potion of invisibility {unknown}


   Skills:
 - Level 2.4 Dodging
 - Level 2.4 Stealth
 * Level 6.2 Spellcasting
 + Level 3.2 Conjurations
 * Level 5.7 Fire Magic


You had 7 spell levels left.
You knew the following spells:

 Your Spells              Type           Power      Damage    Failure   Level
a - Foxfire               Conj/Fire      100%       2x1d9     1%          1
b - Scorch                Fire           64%        2d8       1%          2
c - Inner Flame           Hex/Fire       19%        N/A       3%          3
d - Flame Wave            Conj/Fire      26%        2d7       6%          4

Your spell library contained the following spells:

 Spells                   Type           Power      Damage    Failure   Level
 Conjure Flame            Conj/Fire      26%        6-21      1%          3
 Corpse Rot               Necr/Air       12%        N/A       6%          2
 Dispel Undead            Necr           6%         3d8       32%         4
 Death Channel            Necr           3%         N/A       99%         6


Dungeon Overview and Level Annotations

Branches:
Dungeon (3/15)              Sewer (1/1)

Altars:


Message History

You kill the ball python!
The bullfrog is engulfed in a cloud of scalding steam.
The bullfrog hits you. The ball python bites you.
The ball python constricts you.
Unknown command.
Casting: Foxfire (safe; 1% risk of failure)
Confirm with . or Enter, or press ? or * to list all spells.
The spell is quite dangerous to miscast (7% risk of failure)!
Continue anyway?
Casting: Flame Wave (quite dangerous; 7% risk of failure)
Press: ? - help, Dir - look around, f - activate A wave of flame ripples out!
The flame wave engulfs your foxfire.
Your foxfire completely resists.
The flame wave engulfs the bullfrog!
You kill the bullfrog!
The flame wave engulfs the ball python!
You kill the ball python!
The flame wave engulfs the ball python.
You kill the ball python!
The flame wave engulfs the bullfrog!
You kill the bullfrog! (Press . to intensify the flame waves.)
You are engulfed in a cloud of scalding steam.
You feel sick.
The ball python is engulfed in a cloud of scalding steam.
You kill the ball python!
Your Spellcasting skill increases to level 6!
Your Conjurations skill increases to level 3!
You have reached level 6!
A wave of flame ripples out!
The flame wave engulfs the ball python!
You kill the ball python!
The flame wave engulfs the ball python!
You kill the ball python!
You are engulfed in a cloud of scalding steam.
* * * LOW HITPOINT WARNING * * *
You feel sick.
Unknown command.
Unknown command.
Okay, then.
You are engulfed in a cloud of scalding steam.
You die...

#≈≈≈≈≈≈#
#≈≈≈≈≈≈
#≈≈≈≈≈≈#
#≈≈≈≈≈≈
#≈≈≈≈≈≈#
#≈....≈
#≈≈#≈≈≈#
#≈..)..
#≈.≈≈§§#
##....#
#§§§§≈§#
#≈≈≈≈≈≈
#§§§§§≈#
#≈≈≈≈≈≈
#≈#§§§≈#
#≈≈≈≈≈≈
#§§@§§≈#
#≈≈≈≈≈≈
#§§§§§≈#
#≈≈≈≈≈≈
#≈≈≈§≈§#
#≈≈≈≈≈≈
#≈≈≈#≈≈#
#≈≈≈≈≈≈
##.....#
#.....#
......#
#......
......#
##.....
#.....
#.....
##....


There were no monsters in sight!

Vanquished Creatures
  2 bullfrogs (Sewer)
  Natasha (thrice) (D:2)
  4 adders
  6 river rats (Sewer)
  4 worms
  A dart slug (D:2)
  5 bats
  3 endoplasms
  A giant cockroach (D:1)
  4 goblins
  A hobgoblin (D:2)
  2 jackals
  4 kobolds
  2 quokkas (D:1)
  23 ball pythons
  4 frilled lizards
  26 rats
95 creatures vanquished.

Vanquished Creatures (others)
  198 foxfires
198 creatures vanquished.

Grand Total: 293 creatures vanquished

Notes
Turn   | Place    | Note
-------+----------+-------------------------------------------
     0 | D:1      | Zeld the Deep Elf Fire Elementalist began the quest for the
                  | Orb.
     0 | D:1      | Reached XP level 1. HP: 10/10 MP: 6/6
   354 | D:1      | Reached XP level 2. HP: 15/15 MP: 5/8
   357 | D:1      | Learned a level 2 spell: Scorch
  1114 | D:2      | Noticed Natasha
  1124 | D:2      | Noticed a crimson imp
  1156 | D:2      | Killed Natasha
  1157 | D:2      | Reached skill level 4 in Spellcasting
  1157 | D:2      | Reached XP level 3. HP: 19/19 MP: 4/10
  1568 | D:2      | Noticed Natasha
  1571 | D:2      | Killed Natasha
  1572 | D:2      | Reached XP level 4. HP: 24/24 MP: 4/12
  1882 | D:2      | Noticed Natasha
  1887 | D:2      | Killed Natasha
  1976 | D:3      | Learned a level 3 spell: Inner Flame
  2012 | D:3      | Learned a level 4 spell: Flame Wave
  2120 | D:3      | Reached skill level 5 in Spellcasting
  2127 | D:3      | Reached XP level 5. HP: 26/28 MP: 3/14
  2198 | D:3      | Found a glowing drain.
  2228 | Sewer    | Entered a sewer
  2712 | Sewer    | Reached skill level 5 in Fire Magic
  3071 | Sewer    | Reached skill level 6 in Spellcasting
  3071 | Sewer    | Reached XP level 6. HP: 16/32 MP: 6/17
  3072 | Sewer    | Engulfed by a cloud of steam

Illustrated notes

Levels and vault maps discovered:
D:1:      amcnicky_arrival_blooded_trapdoor, layout_loops_ring
D:2:      layout_basic, uniq_natasha
D:3:      layout_loops_ring, cheibrodos_sewer_entry_bend
Sewer:    sewer_minmay_w

Skill      XL: |  1  2  3  4  5 |
---------------+----------------+-----
Spellcasting   | 4 5 6 |  6.2
Fire Magic     | 4 5 |  5.7
Conjurations   | 2 3 |  3.2
Dodging        | |  2.4
Stealth        | |  2.4

Action                   |  1- 3 |  4- 6 || total
-------------------------+-------+-------++-------
Melee: Unarmed           |     4 |     2 ||     6
 Cast: Foxfire           |    27 |    95 ||   122
       Scorch            |    24 |    17 ||    41
       Flame Wave        |       |     1 ||     1
Armor: Robe              |     8 |     3 ||    11
Dodge: Dodged            |    12 |    17 ||    29
